TOP OF THE 1ST |
---|
Menlo Maniacs batting - Pitching for Balzac Rams : LHP Juan Jiménez | Pitching: LHP Juan Jiménez | | Batting: LHB Bob Campbell | 0-0: Bunt missed! 0-1: Called Strike 0-2: Ball 1-2: Ball 2-2: SINGLE (Line Drive, 6MD) | Batting: RHB Joe Smith | 0-0: Ball 1-0: Ball 2-0: Ball 3-0: Base on Balls Bob Campbell to second | Batting: RHB David Adams | 0-0: Ball 1-0: Single, Error in OF, E8, batter to second base Bob Campbell scores Joe Smith to third | Batting: RHB Joe Noble | 0-0: Ball 1-0: Ball 2-0: Ball 3-0: Base on Balls | Batting: RHB Gerald Miller | 0-0: Foul Ball, location: 2F 0-1: SINGLE (Line Drive, 7LM) Joe Smith scores David Adams to third Joe Noble to second Runner from 3rd tries for Home, SAFE, no throw | Batting: RHB Currito Campos | 0-0: Called Strike 0-1: Ball 1-1: Ball 2-1: Foul Ball, location: 2F 2-2: Ball 3-2: Strikes out swinging | Batting: RHB Eleuterio Supardo | 0-0: Foul Ball, location: 2F 0-1: Ball 1-1: Foul Ball, location: 2F 1-2: Strikes out swinging | Batting: LHB Bernardo Rodríguez | 0-0: Foul Ball, location: 2F 0-1: Foul Ball, location: 2F 0-2: SINGLE (Flyball, 7S) Joe Noble to third Gerald Miller to second Runner from 3rd tries for Home, SAFE, no throw | Batting: RHB Miguel González | 0-0: Called Strike 0-1: Ground out 6-3 (Groundball, 6MS) | Top of the 1st over - 4 runs, 4 hits, 1 error, 2 left on base; Menlo 4 - Balzac 0 | BOTTOM OF THE 1ST |
---|
Balzac Rams batting - Pitching for Menlo Maniacs : RHP Brad Small | Pitching: RHP Brad Small | | Batting: SHB Emílio Calvillo | 0-0: Foul Ball, location: 2F 0-1: Swinging Strike 0-2: Strikes out looking | Batting: RHB Jason Ward | 0-0: Ball 1-0: Foul Ball, location: 2F 1-1: Ball 2-1: Ground out 6-3 (Groundball, 6) | Batting: RHB Ken Longoria | 0-0: Ball 1-0: Called Strike 1-1: Ball 2-1: Ball 3-1: Base on Balls | Batting: RHB Gunner Allen | 0-0: Ball 1-0: Ground out 4-3 (Groundball, 4) | Bottom of the 1st over - 0 runs, 0 hits, 0 errors, 1 left on base; Menlo 4 - Balzac 0 | TOP OF THE 2ND |
---|
Menlo Maniacs batting - Pitching for Balzac Rams : LHP Juan Jiménez | Batting: LHB Bob Campbell | 0-0: Ground out U3 (Groundball, 3) | Batting: RHB Joe Smith | 0-0: Called Strike 0-1: Ball 1-1: Ground out 4-3 (Groundball, 4) | Batting: RHB David Adams | 0-0: Called Strike 0-1: SINGLE (Groundball, 34D) | Batting: RHB Joe Noble | 0-0: Ball 1-0: Called Strike 1-1: Fielders Choice at 2nd, 6-4 (Groundball, 6) | Top of the 2nd over - 0 runs, 1 hit, 0 errors, 1 left on base; Menlo 4 - Balzac 0 | BOTTOM OF THE 2ND |
---|
Balzac Rams batting - Pitching for Menlo Maniacs : RHP Brad Small | Batting: RHB Tommy Wilson | 0-0: Swinging Strike 0-1: Fly out, F2 (Popup, 2LF) | Batting: LHB Troy Jackson | 0-0: Ball 1-0: Ball 2-0: Ground out U3 (Groundball, 3L) | Batting: RHB Lorenzo Silva | 0-0: Ground out U3 (Groundball, 34) | Bottom of the 2nd over - 0 runs, 0 hits, 0 errors, 0 left on base; Menlo 4 - Balzac 0 | TOP OF THE 3RD |
---|
Menlo Maniacs batting - Pitching for Balzac Rams : LHP Juan Jiménez | Batting: RHB Gerald Miller | 0-0: Swinging Strike 0-1: Swinging Strike 0-2: Ball 1-2: Strikes out swinging | Batting: RHB Currito Campos | 0-0: Called Strike 0-1: Called Strike 0-2: Ball 1-2: Ball 2-2: Ball 3-2: Foul Ball, location: 2F 3-2: Base on Balls | Batting: RHB Eleuterio Supardo | 0-0: Fly out, F5 (Line Drive, 56) | Batting: LHB Bernardo Rodríguez | 0-0: Called Strike 0-1: Called Strike 0-2: Fly out, F9 (Flyball, 9) | Top of the 3rd over - 0 runs, 0 hits, 0 errors, 1 left on base; Menlo 4 - Balzac 0 | BOTTOM OF THE 3RD |
---|
Balzac Rams batting - Pitching for Menlo Maniacs : RHP Brad Small | Batting: LHB Carlos Romero | 0-0: Called Strike 0-1: Swinging Strike 0-2: Ball 1-2: Strikes out looking | Batting: LHB Rodney Harrison | 0-0: Called Strike 0-1: Foul Ball, location: 2F 0-2: Ball 1-2: Foul Ball, location: 2F 1-2: Ball 2-2: Ball 3-2: Base on Balls | Batting: SHB Emílio Calvillo | 0-0: Swinging Strike 0-1: Foul Ball, location: 2F 0-2: Ball 1-2: Ball 2-2: Ball 3-2: Base on Balls Rodney Harrison to second | Batting: RHB Jason Ward | 0-0: Ball 1-0: Ground out 5-3 (Groundball, 5S) Rodney Harrison to third Emílio Calvillo to second | Batting: RHB Ken Longoria | 0-0: Called Strike 0-1: Ball 1-1: Ball 2-1: Ball 3-1: Base on Balls | Batting: RHB Gunner Allen | 0-0: Ball 1-0: Ball 2-0: Foul Ball, location: 2F 2-1: Swinging Strike 2-2: Ball 3-2: Strikes out swinging | Bottom of the 3rd over - 0 runs, 0 hits, 0 errors, 3 left on base; Menlo 4 - Balzac 0 | TOP OF THE 4TH |
---|
Menlo Maniacs batting - Pitching for Balzac Rams : LHP Juan Jiménez | Batting: RHB Miguel González | 0-0: Called Strike 0-1: Called Strike 0-2: Ball 1-2: Ball 2-2: Foul Ball, location: 2F 2-2: Ball 3-2: Foul Ball, location: 2F 3-2: Strikes out looking | Batting: LHB Bob Campbell | 0-0: Ball 1-0: Called Strike 1-1: Ground out 6-3 (Groundball, 6) | Batting: RHB Joe Smith | 0-0: Ball 1-0: Ball 2-0: Called Strike 2-1: Foul Ball, location: 2F 2-2: Foul Ball, location: 2F 2-2: Strikes out swinging | Top of the 4th over - 0 runs, 0 hits, 0 errors, 0 left on base; Menlo 4 - Balzac 0 | BOTTOM OF THE 4TH |
---|
Balzac Rams batting - Pitching for Menlo Maniacs : RHP Brad Small | Batting: RHB Tommy Wilson | 0-0: Ball 1-0: Ball 2-0: Swinging Strike 2-1: Ball 3-1: SINGLE (Line Drive, 6M) | Batting: LHB Troy Jackson | 0-0: Ball 1-0: Foul Ball, location: 2F 1-1: Foul Ball, location: 2F 1-2: Strikes out swinging | Batting: RHB Lorenzo Silva | 0-0: Foul Ball, location: 2F 0-1: Ball 1-1: Fly out, F9 (Flyball, 9S) | Batting: LHB Carlos Romero | 0-0: Ground out U3 (Groundball, 3) | Bottom of the 4th over - 0 runs, 1 hit, 0 errors, 1 left on base; Menlo 4 - Balzac 0 | TOP OF THE 5TH |
---|
Menlo Maniacs batting - Pitching for Balzac Rams : LHP Juan Jiménez | Batting: RHB David Adams | 0-0: Foul Ball, location: 2F 0-1: Ground out 4-3 (Groundball, 4) | Batting: RHB Joe Noble | 0-0: Ball 1-0: Ball 2-0: Foul Ball, location: 2F 2-1: Ground out 1-3 (Groundball, P) | Batting: RHB Gerald Miller | 0-0: Called Strike 0-1: Ball 1-1: Ground out 4-3 (Groundball, 34) | Top of the 5th over - 0 runs, 0 hits, 0 errors, 0 left on base; Menlo 4 - Balzac 0 | BOTTOM OF THE 5TH |
---|
Balzac Rams batting - Pitching for Menlo Maniacs : RHP Brad Small | Batting: LHB Rodney Harrison | 0-0: Called Strike 0-1: Called Strike 0-2: Ball 1-2: Foul Ball, location: 2F 1-2: Fly out, F9 (Flyball, 9) | Batting: SHB Emílio Calvillo | 0-0: SINGLE (Line Drive, 89S) | Batting: RHB Jason Ward | 0-0: Ball Wild Pitch! Emílio Calvillo to second 1-0: Ball 2-0: Ball 3-0: Called Strike 3-1: Base on Balls | Batting: RHB Ken Longoria | 0-0: Called Strike 0-1: SINGLE (Groundball, 34D) Emílio Calvillo to third Jason Ward to second Runner from 3rd tries for Home, SAFE, no throw | Batting: RHB Gunner Allen | 0-0: Called Strike 0-1: Called Strike 0-2: Strikes out swinging | Batting: RHB Tommy Wilson | 0-0: Ground out U3 (Groundball, 3) | Bottom of the 5th over - 1 run, 2 hits, 0 errors, 2 left on base; Menlo 4 - Balzac 1 | TOP OF THE 6TH |
---|
Menlo Maniacs batting - Pitching for Balzac Rams : LHP Juan Jiménez | Batting: RHB Currito Campos | 0-0: Ball 1-0: Called Strike 1-1: Foul Ball, location: 2F 1-2: Foul Ball, location: 2F 1-2: Ball 2-2: Foul Ball, location: 2F 2-2: Strikes out swinging | Batting: RHB Eleuterio Supardo | 0-0: Ball 1-0: Called Strike 1-1: Ball 2-1: Ball 3-1: Swinging Strike 3-2: Ground out 6-3 (Groundball, 6) | Batting: LHB Bernardo Rodríguez | 0-0: Foul Ball, location: 2F 0-1: Hit by Pitch | Batting: RHB Miguel González | 0-0: Foul Ball, location: 2F 0-1: Ball 1-1: Foul Ball, location: 2F 1-2: Foul Ball, location: 2F 1-2: Foul Ball, location: 2F 1-2: Ball Bernardo Rodríguez steals 2nd base 2-2: Foul Ball, location: 2F 2-2: Foul Ball, location: 2F 2-2: Ball 3-2: Strikes out looking | Top of the 6th over - 0 runs, 0 hits, 0 errors, 1 left on base; Menlo 4 - Balzac 1 | BOTTOM OF THE 6TH |
---|
Balzac Rams batting - Pitching for Menlo Maniacs : RHP Brad Small | Batting: LHB Troy Jackson | 0-0: Ball 1-0: Ball 2-0: Swinging Strike 2-1: Ball 3-1: Foul Ball, location: 2F 3-2: Base on Balls | Batting: RHB Lorenzo Silva | 0-0: Ball Wild Pitch! Troy Jackson to second 1-0: Ball 2-0: Foul Ball, location: 2F 2-1: Ball 3-1: Base on Balls | Batting: LHB Carlos Romero | 0-0: Ball 1-0: Ball 2-0: Ball 3-0: Base on Balls Troy Jackson to third Lorenzo Silva to second | Pitching: RHP Jesús Martínez | | Batting: LHB Rodney Harrison | 0-0: SINGLE (Flyball, 9S) Troy Jackson scores Lorenzo Silva to third Carlos Romero to second | Batting: SHB Emílio Calvillo | 0-0: Called Strike 0-1: Foul Ball, location: 2F 0-2: Ball 1-2: Ball 2-2: Foul Ball, location: 2F 2-2: Strikes out looking | Batting: RHB Jason Ward | 0-0: Called Strike 0-1: Reached on error, E5 (Groundball, 56) Lorenzo Silva scores Carlos Romero to third Rodney Harrison to second | Batting: RHB Ken Longoria | 0-0: Ball 1-0: Ball 2-0: Called Strike 2-1: Foul Ball, location: 2F 2-2: Ball 3-2: Base on Balls Carlos Romero scores Rodney Harrison to third Jason Ward to second | Batting: RHB Gunner Allen | 0-0: Foul Ball, location: 2F 0-1: Ball 1-1: Swinging Strike 1-2: Ball 2-2: Ball 3-2: Foul Ball, location: 2F 3-2: Base on Balls Rodney Harrison scores Jason Ward to third Ken Longoria to second | Batting: RHB Tommy Wilson | 0-0: Foul Ball, location: 2F 0-1: Swinging Strike 0-2: Ball 1-2: Foul Ball, location: 2F 1-2: Fly out, F4 (Popup, 3S) | Batting: LHB Troy Jackson | 0-0: Called Strike 0-1: Ball 1-1: Ball 2-1: Ball 3-1: Swinging Strike 3-2: Foul Ball, location: 2F 3-2: Strikes out swinging | Bottom of the 6th over - 4 runs, 1 hit, 1 error, 3 left on base; Menlo 4 - Balzac 5 | TOP OF THE 7TH |
---|
Menlo Maniacs batting - Pitching for Balzac Rams : LHP Juan Jiménez | Pitching: LHP Ben Turner | | Batting: LHB Bob Campbell | 0-0: Called Strike 0-1: Foul Ball, location: 2F 0-2: SINGLE (Flyball, 8LS) | Batting: RHB Joe Smith | 0-0: Called Strike Bob Campbell steals 2nd base 0-1: Foul Ball, location: 2F 0-2: Strikes out looking | Batting: RHB David Adams | 0-0: Ball 1-0: Foul Ball, location: 2F 1-1: Ball 2-1: Fly out, F9 (Flyball, 9) | Batting: RHB Joe Noble | 0-0: 2-RUN HOME RUN (Flyball, 7D), Distance : 431 ft | Batting: RHB Gerald Miller | 0-0: Fly out, F8 (Flyball, 8RS) | Top of the 7th over - 2 runs, 2 hits, 0 errors, 0 left on base; Menlo 6 - Balzac 5 | BOTTOM OF THE 7TH |
---|
Balzac Rams batting - Pitching for Menlo Maniacs : RHP Jesús Martínez | Batting: RHB Lorenzo Silva | 0-0: Ball 1-0: Called Strike 1-1: Ball 2-1: Fly out, F6 (Line Drive, 6) | Batting: LHB Carlos Romero | 0-0: Ball 1-0: Ball 2-0: Ball 3-0: Base on Balls | Batting: LHB Rodney Harrison | 0-0: Ball 1-0: Grounds into double play, 4-6-3 (Groundball, 34) | Bottom of the 7th over - 0 runs, 0 hits, 0 errors, 0 left on base; Menlo 6 - Balzac 5 | TOP OF THE 8TH |
---|
Menlo Maniacs batting - Pitching for Balzac Rams : LHP Ben Turner | Batting: RHB Currito Campos | 0-0: Swinging Strike 0-1: Foul Ball, location: 2F 0-2: Ball 1-2: Ball 2-2: Ball 3-2: Strikes out swinging | Batting: RHB Eleuterio Supardo | 0-0: Ball 1-0: Called Strike 1-1: Foul Ball, location: 2F 1-2: Ball 2-2: Foul Ball, location: 2F 2-2: Ball 3-2: Foul Ball, location: 2F 3-2: Base on Balls | Pinch Hitting: RHB Clinton Barton | 0-0: Ball 1-0: Called Strike 1-1: Ball 2-1: Ball 3-1: Called Strike 3-2: Foul Ball, location: 2F 3-2: Strikes out swinging Eleuterio Supardo steals 2nd base Batter strikes out. | Pinch Hitting: RHB Jimmy Skinner | 0-0: DOUBLE (Line Drive, 7LM) Eleuterio Supardo scores | Pitching: RHP Manny Guerra | | Batting: LHB Bob Campbell | 0-0: Ball 1-0: Ball 2-0: Ball 3-0: Base on Balls | Batting: RHB Joe Smith | 0-0: Ball 1-0: Ball 2-0: Ball 3-0: Base on Balls Jimmy Skinner to third Bob Campbell to second | Batting: RHB David Adams | 0-0: Fly out, F8 (Line Drive, 8RD) | Top of the 8th over - 1 run, 1 hit, 0 errors, 3 left on base; Menlo 7 - Balzac 5 | BOTTOM OF THE 8TH |
---|
Balzac Rams batting - Pitching for Menlo Maniacs : RHP Jesús Martínez | Now at 2B: Dani Torres | | Now at SS: William Rogers | | Batting: SHB Emílio Calvillo | 0-0: Called Strike 0-1: Foul Ball, location: 2F 0-2: Strikes out swinging | Batting: RHB Jason Ward | 0-0: Fly out, F7 (Flyball, 7LM) | Batting: RHB Ken Longoria | 0-0: Ball 1-0: Foul Ball, location: 2F 1-1: Ball 2-1: Ball 3-1: Foul Ball, location: 2F 3-2: Base on Balls | Batting: RHB Gunner Allen | 0-0: TRIPLE (Flyball, 89XD) Ken Longoria scores | Pitching: RHP Wayne Williams | | Batting: RHB Tommy Wilson | 0-0: Ball 1-0: Called Strike 1-1: Swinging Strike 1-2: Strikes out looking | Bottom of the 8th over - 1 run, 1 hit, 0 errors, 1 left on base; Menlo 7 - Balzac 6 | TOP OF THE 9TH |
---|
Menlo Maniacs batting - Pitching for Balzac Rams : RHP Manny Guerra | Pitching: LHP Martin Balsano | | Batting: RHB Joe Noble | 0-0: Ball 1-0: Foul Ball, location: 2F 1-1: Foul Ball, location: 2F 1-2: Ball 2-2: Ground out 4-3 (Groundball, 4) | Batting: RHB Gerald Miller | 0-0: Foul Ball, location: 2F 0-1: Ball 1-1: Ball 2-1: Ball 3-1: Base on Balls | Batting: RHB Currito Campos | 0-0: Fly out, F9 (Flyball, 89D) | Batting: RHB Eleuterio Supardo | 0-0: Called Strike 0-1: Ball 1-1: Ground out 4-3 (Groundball, 4) | Top of the 9th over - 0 runs, 0 hits, 0 errors, 1 left on base; Menlo 7 - Balzac 6 | BOTTOM OF THE 9TH |
---|
Balzac Rams batting - Pitching for Menlo Maniacs : RHP Wayne Williams | Pitching: RHP Juan Sánchez | | Batting: LHB Troy Jackson | 0-0: Swinging Strike 0-1: Ball 1-1: Ball 2-1: Foul Ball, location: 2F 2-2: Foul Ball, location: 2F 2-2: SINGLE (Flyball, 7S) | Batting: RHB Lorenzo Silva | 0-0: Sac Bunt - play at first, batter OUT! 2-4 Troy Jackson to second | Batting: LHB Carlos Romero | 0-0: Ball 1-0: Called Strike 1-1: Ball 2-1: Ball 3-1: Fly out, F9 (Flyball, 9S) | Batting: LHB Rodney Harrison | 0-0: Called Strike 0-1: Ball 1-1: Ball 2-1: Ball 3-1: Base on Balls | Batting: SHB Emílio Calvillo | 0-0: Ground out U3 (Groundball, 3) | Bottom of the 9th over - 0 runs, 1 hit, 0 errors, 2 left on base; Menlo 7 - Balzac 6 | |